 Dungeon Crawl Stone Soup version 0.31-a0-229-g1fc7ce93e2 (webtiles) character file.

Game seed: 18154517766391907973

18 qw the Shooter (level 2, -6/24 HPs)
             Began as a Minotaur Hexslinger on July 6, 2023.
             Mangled by Terence
             ... wielding a +0 trident
              (7 damage)
             ... on level 2 of the Dungeon.
             The game lasted 00:00:18 (841 turns).

qw the Shooter (Minotaur Hexslinger)                 Turns: 841, Time: 00:00:19

Health: -6/24      AC:  6    Str: 12    XL:     2   Next: 48%
Magic:  2/2        EV: 10    Int: 10    God:
Gold:   57         SH:  0    Dex: 12    Spells: 2/3 levels left

rFire   . . .        Y - +1 sling
rCold   . . .        (no shield)
rNeg    . . .        d - +0 ring mail
rPois   .            (helmet restricted)
rElec   .            (no cloak)
rCorr   .            (no gloves)
SInv    .            f - +0 pair of boots
Will    .....        (no amulet)
Stlth   +            (no ring)
HPRegen 0.24/turn    (no ring)
MPRegen 0.08/turn

%: no passive effects
@: no status effects
A: horns 2, retaliatory headbutt
a: no special abilities


You were on level 2 of the Dungeon.
You visited 1 branch of the dungeon, and saw 2 of its levels.

You collected 57 gold pieces.


Innate Abilities, Weirdness & Mutations

You have a pair of horns on your head.
You reflexively headbutt those who attack you in melee.


   Skills:
 - Level 2.0 Fighting
 + Level 3.1 Ranged Weapons
 - Level 2.1 Dodging
 - Level 1.0 Spellcasting
 - Level 2.0 Hexes


You had 2 spell levels left.
You knew the following spells:

 Your Spells              Type           Power      Damage    Failure   Level
a - Slow                  Hex            16%        N/A       34%         1

Your spell library contained the following spells:

 Spells                   Type           Power      Damage    Failure   Level
 Inner Flame              Hex/Fire       2%         N/A       83%         3
 Portal Projectile        Hex/Tloc       4%         N/A       83%         3
 Cause Fear               Hex            2%         N/A       98%         4

Inventory:

Hand Weapons
 Y - a +1 sling (weapon)
Armour
 d - a +0 ring mail (worn)
 f - a +0 pair of boots (worn)
Potions
 j - a potion of resistance {unknown}

Dungeon Overview and Level Annotations

Branches:
Dungeon (2/15)

Altars:

Annotations:
D:2 Terence


Message History

Enter note:
Enter note:
Enter note:
Enter note:
Enter note:
Enter note:
Enter note:
Enter note:
Enter note:
Enter note:
Enter note:
Enter note:
Enter note:
Enter note:
Enter note:
Enter note:
Enter note:
Enter note:
Enter note:
Enter note:
Enter note:
Enter note:
Enter note:
Enter note: Terence closely misses you.
You shoot a sling bullet. The sling bullet hits Terence.
Terence is severely wounded.
Terence hits you with a +0 trident.
You shoot a sling bullet. The sling bullet barely misses Terence.
Terence screams, "I'm going to kill you!"
Terence closely misses you.
You shoot a sling bullet. The sling bullet barely misses Terence.
Terence barely misses you. Terence hits you with a +0 trident.
You shoot a sling bullet. The sling bullet hits Terence.
Terence is almost dead.
Terence closely misses you. You furiously retaliate!
You headbutt Terence. You shoot a sling bullet.
The sling bullet closely misses Terence.
Terence hits you with a +0 trident!
You die...

### #<#
#.# #@#
#@#
#######.#
#.......#
#.#######


You could see Terence.

Vanquished Creatures
  A dart slug (D:1)
  3 hobgoblins (D:1)
  4 jackals (D:1)
  A quokka (D:1)
  A ball python (D:1)
  2 bats (D:1)
  2 frilled lizards (D:1)
  A rat (D:1)
15 creatures vanquished.

Notes
Turn   | Place    | Note
-------+----------+-------------------------------------------
     0 | D:1      | qw the Minotaur Hexslinger began the quest for the Orb.
     0 | D:1      | Reached XP level 1. HP: 16/16 MP: 1/1
     0 | D:1      | 0 ||| qw: Version: 0.3-a-46-gb1f654a
     0 | D:1      | 0 ||| qw: Game counter: 1195
     0 | D:1      | 0 ||| qw: Melee chars always use a shield: true
     0 | D:1      | 0 ||| qw: God list: Okawaru
     0 | D:1      | 0 ||| qw: Allow faded altars: false
     0 | D:1      | 0 ||| qw: Do Orc after clearing Dungeon:15 true
     0 | D:1      | 0 ||| qw: Do second Lair branch before Depths: true
     0 | D:1      | 0 ||| qw: Lair rune preference: random
     0 | D:1      | 0 ||| qw: Goals: Normal
     0 | D:1      | 0 ||| PLANNING D:1-11
   169 | D:1      | Reached skill level 3 in Ranged Weapons
   219 | D:1      | Reached XP level 2. HP: 23/23 MP: 2/2
   710 | D:1      | 710 ||| UPGRADING to +0 ring mail.
   720 | D:1      | 720 ||| DROPPING +0 robe.
   721 | D:1      | 721 ||| UPGRADING to +0 pair of boots.
   726 | D:1      | 726 ||| READING scroll labelled YBINUB JAEN.
   729 | D:1      | 729 ||| READING scroll labelled GOCINNO ODWU.
   774 | D:1      | 774 ||| READING scroll labelled PEL CEQOEGI.
   775 | D:1      | 775 ||| DRINKING 2 emerald potions.
   776 | D:1      | 776 ||| DROPPING scroll of poison.
   809 | D:2      | Noticed Terence
   823 | D:2      | 823 ||| FLEEEEING.
   824 | D:2      | 824 ||| FLEEEEING.
   825 | D:2      | HP: 4/24 [Terence/+0 trident (7)]
   826 | D:2      | 826 ||| DRINKING potion of heal wounds.
   837 | D:2      | HP: 3/24 [Terence/+0 trident (5)]
   839 | D:2      | HP: 1/24 [Terence/+0 trident (3)]
   841 | D:2      | Mangled by Terence

Levels and vault maps discovered:
D:1:      dpeg_arrival_snail, layout_basic, minmay_pentomino_p2
D:2:      layout_basic, uniq_natasha, uniq_terence

Skill      XL: |  1  2 |
---------------+-------+-----
Ranged Weapons | 3 |  3.1
Fighting       | 2 |  2.0
Dodging        | |  2.1
Spellcasting   | |  1.0
Hexes          | |  2.0

Action                     || total
---------------------------++-------
   Fire: Sling             ||    65
    Use: Scroll            ||     3
         Potion            ||     2
 Armour: Ring mail         ||     6
         Robe              ||     1
  Dodge: Dodged            ||    23

Table legend:
 A = Non-vault XP
 B = Vault XP
 C = Vault XP percentage of total XP
 D = Non-vault monster count
 E = Vault monster count
 F = Vault count percentage of total count
                 A         B        C        D         E       F
            +---------+---------+-------+---------+---------+-------
      Total |      24 |       2 |   7.7 |      14 |       1 |   6.7
            +---------+---------+-------+---------+---------+-------
        D:1 |      24 |       2 |   7.7 |      14 |       1 |   6.7
            +---------+---------+-------+---------+---------+-------
